Map: Ley Lines

Players

猫咪

  • Race: Terran Terran
  • League: Grandmaster
  • Spawn Location: 1:00

A.I.(困難) - Winner!

  • Race: Zerg Zerg
  • Spawn Location: 7:00

VOD

Have the link to the VOD?

Description

Time

  • Played on: Feb. 15, 2025, 4:29 a.m.
  • Length: 8:33
Show
View Real Time Build Order
Export as new Build Order

猫咪 Terran 

Build Orders: Reaper Expand 

Get SALT Encoding   

  12  0:00  SCV  
  13  0:12  SCV  
  14  0:17  Supply Depot  
  14  0:24  SCV  
  15  0:38  SCV  
  15  0:40  Barracks  
  16  0:45  Refinery  
  16  0:51  SCV  
  17  1:03  SCV  
  18  1:15  SCV  
  19  1:27  Orbital Command  
  19  1:28  Reaper  
  20  1:39  Command Center  
  20  1:47  Supply Depot  
  20  1:54  SCV  
  21  2:00  Marine  
  22  2:06  SCV  
  22  2:08  Factory  
  23  2:18  SCV  
  23  2:22  Barracks Reactor  
  24  2:30  SCV  
  25  2:38  Command Center  
  25  2:44  SCV  
  25  2:51  Orbital Command  
  26  2:56  SCV  
  27  3:00  Starport  
  27  3:01  Refinery  
  27  3:08  SCV  
  32  3:12  Hellion  
  32  3:13  Hellion  
  32  3:16  SCV  
  32  3:17  Barracks Tech Lab  
  33  3:20  SCV  
  34  3:28  SCV  
  35  3:35  SCV  
  35  3:36  Hellion x2  
  35  3:39  Viking  
  43  3:41  SCV  
  43  3:47  SCV  
  44  3:50  Orbital Command  
  44  3:51  Stimpack  
  44  3:53  SCV  
  45  4:00  Hellion x2  
  45  4:01  Marine  
  50  4:03  SCV  
  50  4:05  SCV  
  50  4:08  Supply Depot  
  52  4:10  Starport Reactor  
  52  4:15  SCV  
  52  4:16  SCV  
  54  4:19  SCV  
  54  4:20  Marine  
  56  4:28  SCV  
  56  4:29  SCV  
  56  4:30  Barracks  
  56  4:31  Factory Tech Lab  
  58  4:33  Supply Depot  
  58  4:34  Barracks  
  58  4:35  SCV  
  59  4:40  SCV  
  59  4:43  Engineering Bay  
  59  4:44  Engineering Bay  
  60  4:45  SCV  
  60  4:47  Refinery  
  60  4:48  SCV  
  60  4:49  Refinery  
  60  4:51  Orbital Command  
  62  4:53  SCV  
  62  4:56  Supply Depot  
  62  4:59  Siege Tank  
  66  5:00  Marine  
  66  5:01  Starport Reactor  
  66  5:02  SCV  
  66  5:05  SCV  
  69  5:10  Terran Infantry Weapons Level 1  
  69  5:11  Terran Infantry Armor Level 1  
  69  5:14  SCV  
  70  5:17  SCV x2  
  70  5:19  Supply Depot  
  72  5:24  Marine x2  
  72  5:26  SCV  
  72  5:27  Marine x2  
  72  5:28  Marine  
  78  5:29  SCV  
  78  5:30  Supply Depot  
  78  5:32  SCV  
  78  5:33  Siege Tank  
  78  5:34  Combat Shield  
  83  5:38  SCV  
  83  5:41  SCV  
  83  5:42  Marine x2  
  87  5:44  SCV  
  87  5:47  Marine x3  
  91  5:50  Supply Depot  
  91  5:51  SCV  
  91  5:54  SCV  
  91  5:57  SCV, Supply Depot  
  93  5:59  Marine  
  93  6:02  Barracks  
  93  6:03  Barracks  
  95  6:05  SCV, Siege Tank  
  95  6:06  Marine x2  
  101  6:11  SCV x2, Medivac x2  
  101  6:12  Marine  
  101  6:15  Supply Depot  
  101  6:17  SCV  
  109  6:20  Supply Depot, Marine x2  
  109  6:23  SCV  
  109  6:24  SCV  
  113  6:26  Supply Depot  
  113  6:28  Marine  
  113  6:29  Marine  
  113  6:30  Armory  
  115  6:33  Refinery  
  115  6:34  SCV, Refinery  
  115  6:37  Supply Depot  
  115  6:38  Siege Tank  
  119  6:40  Marine x3  
  119  6:42  SCV  
  119  6:43  SCV  
  119  6:46  SCV, Marine  
  126  6:47  Marine  
  126  6:50  Barracks Reactor x2  
  126  6:51  Factory  
  127  6:54  SCV  
  127  6:55  SCV  
  127  6:58  SCV, Marine  
  127  6:59  Marine  
  127  7:00  Medivac, Supply Depot  
  134  7:01  Medivac, Marine  
  134  7:06  Marine x2  
  135  7:15  Siege Tank  
  135  7:16  Command Center, Marine  
  135  7:17  Marine  
  135  7:19  Marine  
  140  7:24  Marine x2  
  140  7:27  SCV  
  140  7:29  SCV  
  144  7:30  Marine  
  144  7:31  Supply Depot  
  144  7:32  Marine  
  144  7:33  Marine x2  
  144  7:34  Marine  
  144  7:35  Marine  
  150  7:37  Marine, Factory Tech Lab  
  150  7:42  Marine x2  
  153  7:47  Marine  
  153  7:48  Siege Tank, Supply Depot  
  153  7:49  Supply Depot  
  153  7:50  Marine  
  157  7:53  Medivac x2, Marine  
  162  8:02  Barracks  
  162  8:03  Barracks  
  165  8:05  Barracks  
  165  8:09  Marine x4  
  165  8:11  Supply Depot  
  170  8:12  SCV  
  170  8:13  Supply Depot, Marine x3  
  170  8:14  Marine  
Show
View Real Time Build Order
Export as new Build Order

A.I.(困難) Zerg - Winner!

Build Orders: Hatch First 

Get SALT Encoding   

  12  0:00  Drone  
  13  0:12  Overlord  
  13  0:17  Drone  
  14  0:30  Drone  
  14  0:32  Drone  
  14  0:34  Drone  
  17  0:52  Hatchery  
  17  0:53  Drone  
  17  1:07  Spawning Pool  
  17  1:09  Drone  
  17  1:13  Drone  
  17  1:16  Extractor  
  17  1:17  Drone  
  18  1:27  Overlord  
  18  1:38  Drone  
  19  1:56  Zergling x2, Queen  
  19  2:00  Zergling x2  
  23  2:01  Roach Warren  
  23  2:03  Drone  
  23  2:05  Extractor  
  22  2:10  Drone  
  23  2:23  Drone  
  23  2:27  Zergling x2  
  24  2:33  Drone  
  25  2:38  Zergling x2  
  25  2:41  Roach  
  25  2:42  Overlord  
  27  2:54  Roach  
  27  2:57  Drone  
  30  3:00  Drone  
  30  3:04  Drone  
  31  3:07  Lair  
  31  3:08  Roach  
  33  3:18  Drone  
  34  3:20  Drone  
  34  3:21  Ravager  
  36  3:34  Overlord  
  36  3:38  Roach  
  38  3:43  Evolution Chamber  
  38  3:46  Drone  
  38  3:52  Evolution Chamber  
  38  3:53  Drone  
  38  3:58  Roach  
  40  4:08  Hydralisk Den  
  40  4:09  Drone  
  40  4:11  Roach  
  40  4:14  Overlord  
  42  4:23  Roach  
  44  4:28  Drone  
  45  4:33  Drone  
  45  4:34  Drone  
  45  4:36  Drone  
  48  4:39  Hydralisk  
  48  4:41  Overlord  
  48  4:44  Drone  
  51  4:46  Drone  
  51  4:49  Drone  
  51  4:51  Drone  
  51  4:52  Hydralisk  
  54  4:54  Drone  
  57  5:00  Drone  
  57  5:02  Drone  
  59  5:09  Zerg Melee Weapons Level 1  
  59  5:10  Overlord, Drone, Hydralisk  
  59  5:12  Drone  
  59  5:13  Drone  
  64  5:20  Zerg Ground Armor Level 1  
  64  5:22  Drone  
  64  5:24  Drone  
  66  5:33  Drone  
  66  5:34  Burrow, Drone  
  68  5:40  Extractor  
  68  5:41  Overlord  
  68  5:42  Drone  
  68  5:43  Roach  
  68  5:45  Drone  
  68  5:47  Drone  
  72  5:55  Drone, Extractor  
  72  5:56  Roach  
  74  6:06  Overlord  
  74  6:07  Drone  
  75  6:14  Roach  
  77  6:24  Overlord, Drone  
  77  6:25  Spore Crawler, Overseer, Drone  
  77  6:26  Hydralisk  
  77  6:28  Drone  
  77  6:30  Overseer  
  81  6:35  Baneling Nest  
  81  6:36  Drone  
  81  6:37  Spore Crawler  
  81  6:38  Drone  
  81  6:41  Spore Crawler  
  81  6:44  Spore Crawler  
  81  6:45  Overlord, Roach  
  81  6:46  Drone  
  82  6:48  Drone  
  82  6:49  Drone  
  84  6:56  Roach  
  84  6:57  Queen, Drone  
  84  7:00  Drone  
  88  7:03  Spine Crawler  
  88  7:07  Spine Crawler  
  86  7:08  Drone  
  86  7:11  Roach, Spine Crawler  
  75  7:17  Drone  
  57  7:23  Zergling x2  
  57  7:27  Overlord  
  58  7:36  Roach  
  57  7:38  Drone  
  57  7:40  Zergling x2, Drone  
  57  7:41  Drone  
  57  7:42  Drone x6  
  51  7:50  Overlord  
  40  7:53  Hydralisk  
  41  8:03  Drone  
  41  8:05  Drone  
  43  8:06  Drone, Hydralisk  
  46  8:16  Zergling x2  
Tags
 
Add a new tag
Caveats
  • Supply blocks, unpowered buildings, or Contaminate may cause inaccurate times.
  • Supply counts are checked every 10 seconds.